 Dungeon Crawl Stone Soup version 0.27-a0-141-g0b64aa269c (webtiles) character file.

Game seed: 1102038638015901954

4241 ReteAZ the Grappler (level 10, -5/83 HPs)
             Began as a Green Draconian Transmuter on Jan 26, 2021.
             Was a High Priest of Cheibriados.
             Killed by the air
             ... invoked by Gastronok
              (25 damage)
             ... on level 9 of the Dungeon.
             The game lasted 00:14:33 (9847 turns).

ReteAZ the Grappler (Green Draconian Transmuter)    Turns: 9847, Time: 00:14:33

Health: -5/83      AC:  8    Str: 30    XL:     10   Next: 9%
Magic:  17/17      EV: 15    Int: 28    God:    Cheibriados [*****.]
Gold:   520        SH: 12    Dex: 22    Spells: 18/19 levels left

rFire    . . .     SeeInvis .     - Unarmed
rCold    . . .     Faith    .   h - +0 kite shield
rNeg     . . .     Spirit   .   (armour unavailable)
rPois    +         Reflect  .   (helmet restricted)
rElec    .         Harm     .   s - scarf {repulsion}
rCorr    .         Rampage  .   (no gloves)
Will     .....                  x - +0 pair of boots
Stlth    ++........             (no amulet)
HPRegen  0.23/turn              c - +6 ring of strength
MPRegen  0.15/turn              g - +4 ring of evasion

@: repel missiles, very slow
A: breathe noxious fumes, unfitting armour, poison resistance, cold-blooded, AC
+7
a: Breathe Noxious Fumes, Renounce Religion, Bend Time, Temporal Distortion,
Slouch, Step From Time


You were on level 9 of the Dungeon.
You worshipped Cheibriados.
Cheibriados was extremely pleased with you.
You visited 1 branch of the dungeon, and saw 9 of its levels.

You collected 551 gold pieces.
You spent 31 gold pieces at shops.

Inventory:

Missiles
 f - 18 poisoned darts
Armour
 h - a +0 kite shield (worn)
 s - a scarf of repulsion (worn)
 x - a +0 pair of boots (worn)
Jewellery
 c - a +6 ring of strength (left hand)
 g - a +4 ring of evasion (right hand)
 p - an uncursed ring of resist corrosion {unknown}
Wands
 n - a wand of polymorph (4)
Scrolls
 b - 9 scrolls of identify {unknown}
 d - 3 scrolls of fear {unknown}
 e - a scroll of fog {unknown}
 k - 5 scrolls of remove curse {unknown}
 m - 3 scrolls of teleportation {unknown}
 o - 2 scrolls of blinking {unknown}
 q - 2 scrolls of enchant weapon {unknown}
 r - a scroll of noise {unknown}
 v - 2 scrolls of magic mapping {unknown}
 w - a scroll of enchant armour {unknown}
 y - a scroll of immolation {unknown}
Potions
 a - a potion of mutation {unknown}
 i - 3 potions of heal wounds {unknown}
 j - 3 potions of haste {unknown}
 l - 3 potions of brilliance {unknown}
 t - 3 potions of curing
 z - a potion of cancellation {unknown}


   Skills:
 + Level 5.8 Fighting
 - Level 1.7 Dodging
 + Level 5.0 Shields
 - Level 10.0 Unarmed Combat
 - Level 5.0 Spellcasting
 - Level 7.0 Transmutations


You had 18 spell levels left.
You knew the following spells:

 Your Spells              Type           Power        Failure   Level
a - Beastly Appendage     Tmut           92%          1%          1

Your spell library contained the following spells:

 Spells                   Type           Power        Failure   Level
 Wereblood                Tmut           46%          1%          2
 Spider Form              Tmut/Pois      13%          17%         3
 Animate Skeleton         Necr           14%          24%         1
 Pain                     Necr           28%          24%         1
 Blade Hands              Tmut           23%          36%         5
 Ice Form                 Ice/Tmut       26%          50%         4
 Vampiric Draining        Necr           3%           58%         3
 Animate Dead             Necr           3%           94%         4
 Agony                    Necr           7%           100%        5


Dungeon Overview and Level Annotations

Branches:
Dungeon (9/15)             Temple (0/1) D:4
   Lair: D:8-11         Orc: D:9-12

Altars:
Cheibriados
Hepliaklqana
Makhleb
Trog
Uskayaw
Wu Jian

Shops:
D:5 *

Annotations:
D:9 Gastronok


Innate Abilities, Weirdness & Mutations

You can breathe blasts of noxious fumes.
Your lurid green scales are hard. (AC +7)
You cannot fit into any form of body armour.
Your system is resistant to poisons. (rPois)
You are cold-blooded and may be slowed by cold attacks.


Message History

You hit Gastronok.
Gastronok is severely wounded.
You have got your breath back.
Gastronok bites you!!
* * * LOW HITPOINT WARNING * * *
Evoke which item? (* to show all) (? for menu, Esc to quit)
Aiming: Corrosive Bolt
Press: ? - help, Shift-Dir - straight line, f - orc
Aim: an orc, wielding a +0 dagger (29% to evade)
The bolt of acid hits Gastronok!
Gastronok is splashed with acid!
Gastronok seems to be corroded for longer.
Gastronok is severely wounded.
The bolt of acid hits the orc!
The orc is splashed with acid!
You kill the orc!
Cheibriados appreciates the change of pace.
The now-empty wand crumbles to dust.
You feel better.
Gastronok waves his eye-stalks in wide circles.
The air twists around and strikes you!!
You die...

######################.#
................@w.).).#
########################
# # # ###########
........... ...........
...........


You could see Gastronok (corroded).

Vanquished Creatures
  A two-headed ogre (D:8)
  A troll (D:9)
  Prince Ribbit (D:9)
  A wyvern (D:8)
  5 orc warriors
  2 ice beasts
  3 phantoms
  A necrophage (D:6)
  3 black bears
  2 ogres
  A big kobold (D:8)
  3 bullfrogs
  3 scorpions
  10 wights
  A howler monkey (D:8)
  2 hounds
  A jelly (D:5)
  2 orc priests
  An orc wizard (D:8)
  An iguana (D:5)
  A centaur skeleton (D:7)
  5 worker ants
  A hound zombie (D:7)
  A hound skeleton (D:6)
  A howler monkey skeleton (D:8)
  8 adders
  6 gnolls
  8 river rats (D:5)
  2 shadow imps (D:7)
  4 white imps
  2 ufetubi
  2 oozes
  An adder zombie (D:7)
  2 adder skeletons
  5 worms
  2 dart slugs
  2 leopard geckos
  20 orcs
  2 bats (D:1)
  2 bat zombies (D:1)
  A giant cockroach (D:3)
  11 goblins
  11 hobgoblins
  4 jackals (D:6)
  9 quokkas
  A ball python (D:3)
  5 frilled lizards
  A jackal skeleton (D:4)
  A jackal zombie (D:8)
  11 kobolds
  22 rats
199 creatures vanquished.

Notes
Turn   | Place    | Note
-------+----------+-------------------------------------------
     0 | D:1      | ReteAZ the Draconian Transmuter began the quest for the
                  | Orb.
     0 | D:1      | Reached XP level 1. HP: 16/16 MP: 3/3
    98 | D:1      | Reached XP level 2. HP: 15/23 MP: 5/5
  1205 | D:1      | Reached XP level 3. HP: 27/28 MP: 4/6
  1414 | D:2      | Reached skill level 4 in Unarmed Combat
  1568 | D:2      | Reached XP level 4. HP: 22/35 MP: 7/7
  1819 | D:2      | Found a snail-covered altar of Cheibriados.
  1841 | D:2      | Became a worshipper of Cheibriados the Contemplative
  2791 | D:3      | Found a hazy altar of Hepliaklqana.
  3053 | D:3      | Reached * piety under Cheibriados
  3248 | D:3      | Found a hide-covered altar of Uskayaw.
  3345 | D:3      | Reached skill level 5 in Unarmed Combat
  3467 | D:3      | Reached XP level 5. HP: 40/40 MP: 6/8
  3720 | D:4      | Noticed a phantom
  3762 | D:4      | Killed a phantom
  4337 | D:4      | Found a staircase to the Ecumenical Temple.
  4622 | D:5      | Entered Level 5 of the Dungeon
  4701 | D:5      | Reached XP level 6. HP: 42/47 MP: 9/9
  4816 | D:5      | Reached skill level 6 in Unarmed Combat
  5098 | D:5      | Reached ** piety under Cheibriados
  5272 | D:5      | Found a burning altar of Makhleb.
  5456 | D:5      | Your scales start taking on a lurid green colour.
  5456 | D:5      | Reached XP level 7. HP: 38/52 MP: 8/10
  5456 | D:5      | Gained mutation: Your system is resistant to poisons.
                  | (rPois) [Green Draconian growth]
  5547 | D:5      | Reached skill level 7 in Unarmed Combat
  5717 | D:5      | Found Fysin's Assorted Antiques.
  5724 | D:5      | Bought a scroll labelled ATREAH KAH for 31 gold pieces
  5982 | D:6      | Reached skill level 5 in Transmutations
  6054 | D:6      | Found a bloodstained altar of Trog.
  6509 | D:6      | Reached skill level 8 in Unarmed Combat
  6521 | D:6      | Reached XP level 8. HP: 59/59 MP: 11/11
  6880 | D:6      | Reached *** piety under Cheibriados
  7051 | D:6      | Reached skill level 9 in Unarmed Combat
  7843 | D:7      | Identified the +6 mace "Ywaugeri" {elec, +Fly rN+ Str-3
                  | Dex+5}
  8047 | D:7      | Reached skill level 10 in Unarmed Combat
  8047 | D:7      | Reached XP level 9. HP: 61/63 MP: 12/12
  8144 | D:7      | Reached **** piety under Cheibriados
  8146 | D:7      | Reached skill level 1 in Shields
  8789 | D:8      | Found an ornate altar of the Wu Jian Council.
  9118 | D:8      | Reached ***** piety under Cheibriados
  9434 | D:8      | Noticed a two-headed ogre
  9448 | D:8      | Killed a two-headed ogre
  9449 | D:8      | Reached skill level 5 in Fighting
  9678 | D:9      | Noticed a troll
  9678 | D:9      | Noticed Prince Ribbit
  9685 | D:9      | Killed Prince Ribbit
  9686 | D:9      | Reached XP level 10. HP: 68/81 MP: 17/17
  9689 | D:9      | Reached skill level 5 in Spellcasting
  9829 | D:9      | Noticed Gastronok
  9842 | D:9      | Reached skill level 5 in Shields
  9847 | D:9      | Killed from afar by Gastronok

Illustrated notes

Levels and vault maps discovered:
D:1:      saegor_arrival_fortress, layout_basic, minmay_tetromino_l4
D:2:      layout_loops_ring, old_standard_altar
D:3:      layout_basic, nzn_hepliaklqana_mist_gate,
          eat_drink_and_be_merry_uskayaw
D:4:      layout_basic, temple_statues
D:5:      lemuel_ratsnest, layout_loops_ring, old_standard_altar, serial_shops,
          shop_statue
D:6:      layout_gridville, basic_altar
D:7:      layout_cave_pods
D:8:      layout_loops_cross, nzn_wu_jian_contemplation
D:9:      statuecave_lemuel, layout_long_grid,
          yredelemnul_forgotten_temple_becter,
          nicolae_ru_great_annihilating_truth, serial_shops,
          nicolae_shop_crystal, uniq_gastronok, uniq_prince_ribbit1

Skill      XL: |  1  2  3  4  5  6  7  8  9 10 |
---------------+-------------------------------+-----
Unarmed Combat | 4 5 6 8 10 | 10.0
Transmutations | 3 4 5 7 |  7.0
Shields        | 4 5 |  5.0
Fighting       | 5 |  5.8
Spellcasting   | 4 5 |  5.0
Dodging        | |  1.7

Action                   |  1- 3 |  4- 6 |  7- 9 | 10-12 || total
-------------------------+-------+-------+-------+-------++-------
Melee: Unarmed           |   102 |   249 |   262 |    11 ||   624
       Kick              |    17 |    27 |    19 |       ||    63
       Headbutt          |     9 |    16 |    11 |       ||    36
       Tailslap          |     5 |    30 |    62 |     5 ||   102
       Punch             |     1 |       |       |       ||     1
Throw: Dart              |       |     1 |     7 |       ||     8
 Cast: Beastly Appendage |    17 |    17 |     5 |       ||    39
 Abil: Breathe Noxious F |       |       |    12 |     1 ||    13
Evoke: Wand              |       |       |     3 |     3 ||     6
  Use: Potion            |     3 |       |       |     1 ||     4
 Stab: Confused          |       |       |     7 |       ||     7
       Sleeping          |       |       |     2 |       ||     2
       Distracted        |       |       |     1 |       ||     1
Armor: Skin              |    33 |    51 |    45 |       ||   129
Dodge: Dodged            |    59 |   136 |   155 |     3 ||   353
       Repelled          |       |       |     3 |       ||     3
Block: Kite shield       |    12 |    83 |   109 |     3 ||   207

Table legend: (Time is in decaauts)
 A = Elapsed time spent in this place.
 B = Non-inter-level travel time spent in this place.
 C = Inter-level travel time spent in this place.
 D = Time resting spent in this place.
 E = Time spent auto-exploring this place.
 F = Levels seen in this place.
 G = Mean time per level.
                   A        B        C        D        E       F      G
               +--------+--------+--------+--------+--------+-----+--------+
         Total |  12154 |  11712 |    442 |   1747 |   8264 |   9 | 1350.4 |
       Dungeon |  12154 |  11712 |    442 |   1747 |   8264 |   9 | 1350.4 |
               +--------+--------+--------+--------+--------+-----+--------+

Top non-repeatable levels by time:
     D:7: 1956 daAuts
     D:6: 1777 daAuts
     D:5: 1651 daAuts
     D:3: 1390 daAuts
     D:8: 1378 daAuts
     D:1: 1308 daAuts
     D:2: 1302 daAuts
     D:4: 1170 daAuts
     D:9: 219 daAuts
